 Dungeon Crawl Stone Soup version 0.30-a0-1008-g30c9307041 (webtiles) character file.

Game seed: 13473754357633670422

24 Denapoli the Shield-Bearer (level 3, 0/29 HPs)
             Began as a Formicid Fighter on Apr 5, 2023.
             Was a Follower of the Shining One.
             Slain by a shadow imp (1 damage)
             ... summoned by Natasha
             ... on level 2 of the Dungeon.
             The game lasted 00:02:36 (625 turns).

Denapoli the Shield-Bearer (Formicid Fighter)        Turns: 625, Time: 00:02:36

Health: 0/29       AC:  8    Str: 20 (22) XL:     3   Next: 15%
Magic:  3/3        EV:  9    Int:  4 (7)  God:    the Shining One [*.....]
Gold:   43         SH:  4    Dex: 10 (13) Spells: 2/2 levels left

rFire   . . .      SeeInvis +    a - +0 long sword
rCold   . . .      Faith    .    c - +0 buckler
rNeg    . . .      Spirit   .    b - +0 scale mail
rPois   .          Reflect  .    (helmet unavailable)
rElec   .          Rampage  .    h - +0 cloak
rCorr   .                        (no gloves)
Will    .....                    (no boots) Stlth
                                 (no amulet)
HPRegen 0.24/turn                (no ring)
MPRegen 0.08/turn                (no ring)

@: glowing
A: permanent stasis, dig shafts and tunnels, antennae 3, four strong arms
a: Dig, Shaft Self, Renounce Religion, Divine Shield


You were on level 2 of the Dungeon.
You worshipped the Shining One.
The Shining One was aware of your devotion.
You visited 1 branch of the dungeon, and saw 2 of its levels.

You collected 43 gold pieces.

Inventory:

Hand Weapons
 a - a +0 long sword (weapon)
Missiles
 g - 6 javelins (quivered)
Armour
 b - a +0 scale mail (worn)
 c - a +0 buckler (worn)
 h - a +0 cloak (worn)
Scrolls
 f - a scroll of teleportation {unknown}
 i - 3 scrolls of identify {unknown}
Potions
 d - 2 potions of might
 e - a potion of degeneration


   Skills:
 + Level 3.6 Fighting
 + Level 2.4 Long Blades
 + Level 3.6 Armour
 + Level 4.3 Shields


You had 2 spell levels left.
You didn't know any spells.
Your spell library was empty.

Dungeon Overview and Level Annotations

Branches:
Dungeon (2/15)

Altars:
The Shining One

Annotations:
D:2 Natasha, Sigmund


Innate Abilities, Weirdness & Mutations

You cannot be hasted, slowed, berserked, paralysed or teleported.
You can dig through walls and to a lower floor.
You have a pair of large antennae on your head. (SInv)
Your four strong arms can wield two-handed weapons with a shield.


Message History

Found a scroll labelled VEN XIESUULU.
You see here a ball python corpse.
You barely miss Natasha. Natasha misses you. Sigmund barely misses you.
Natasha stares at you and mumbles some strange words.
The magic dart hits you.
You hit Natasha.
Natasha is heavily wounded.
Natasha claws you! The ball python closely misses you.
The ball python barely misses you.
Sigmund hits you from afar with a +2 scythe of freezing!
Sigmund freezes you. Natasha casts a spell at you.
Your stasis prevents you from being slowed.
Natasha attacks as you move away! Natasha claws you.
* * * LOW HITPOINT WARNING * * *
Natasha casts a spell.
The ball python bites you but does no damage.
The ball python barely misses you.
It was a potion of degeneration.
There was something very wrong with that liquid.
You feel weakened.
You feel dopey.
You feel clumsy.
Natasha wildly gestures.
Natasha glows brightly for a moment.
Natasha misses you. You block Sigmund's attack.
The kobold hits you but does no damage. The ball python bites you.
* * * LOW HITPOINT WARNING * * *
The ball python grabs you. The ball python constricts you.
The shadow imp hits you but does no damage.
The ball python's grasp on you weakens, but your attempt to escape fails.
Natasha claws you.
* * * LOW HITPOINT WARNING * * *
You block the ball python's attack. The ball python constricts you.
You block the kobold's attack. Natasha claws you but does no damage.
You block the shadow imp's attack.
You escape the ball python's grasp.
The kobold attacks as you move away! The kobold barely misses you.
Natasha attacks as you move away! Natasha claws you but does no damage.
Natasha claws you.
* * * LOW HITPOINT WARNING * * *
The shadow imp hits you.
You die...

....... ..#
....... ..
.....#.##.##
.........#
#.....#.#
####....@#.#####
.......†........
.......ShK......
####...5@#.#####
#####.<.# #...#
#...# #..... {
#..#### { .... {
##.. #..


You could see Sigmund, Natasha (fast), a shadow imp (summoned), a ball python
and a kobold.

Vanquished Creatures
  2 bats (D:1)
  4 endoplasms
  A giant cockroach (D:1)
  2 hobgoblins (D:1)
  4 ball pythons
  3 goblins (D:1)
  4 kobolds (D:1)
  3 rats (D:1)
23 creatures vanquished.

Vanquished Creatures (others)
  A plant (D:1)
1 creature vanquished.

Grand Total: 24 creatures vanquished

Notes
Turn   | Place    | Note
-------+----------+-------------------------------------------
     0 | D:1      | Denapoli the Formicid Fighter began the quest for the Orb.
     0 | D:1      | Reached XP level 1. HP: 18/18 MP: 1/1
     4 | D:1      | Found a faded altar of an unknown god.
    14 | D:1      | Prayed at the altar of an unknown god.
    14 | D:1      | Became a worshipper of the Shining One
    14 | D:1      | Reached * piety under the Shining One
   180 | D:1      | Reached XP level 2. HP: 22/24 MP: 2/2
   432 | D:1      | Reached XP level 3. HP: 19/29 MP: 3/3
   616 | D:2      | Noticed Natasha
   616 | D:2      | Noticed Sigmund
   625 | D:2      | HP: 1/29 [Natasha (3)]
   625 | D:2      | Slain by a shadow imp

Illustrated notes

Levels and vault maps discovered:
D:1:      spicycebolla_arrival_clurvy, layout_basic, basic_ecumenical_altar
D:2:      layout_basic, chequers_serial_rivers_small_a, lexackson_kobold_supper,
          uniq_natasha, uniq_sigmund, uniq_crazy_yiuf_cottage

Action                     || total
---------------------------++-------
  Melee: Long sword        ||    51
  Throw: Javelin           ||     2
    Use: Potion            ||     1
 Armour: Scale mail        ||    35
  Dodge: Dodged            ||    30
  Block: Buckler           ||    19

Table legend: (Time is in decaauts)
 A = Elapsed time spent in this place.
 B = Non-inter-level travel time spent in this place.
 C = Inter-level travel time spent in this place.
 D = Time resting spent in this place.
 E = Time spent auto-exploring this place.
 F = Levels seen in this place.
 G = Mean time per level.
                   A        B        C        D        E       F      G
               +--------+--------+--------+--------+--------+-----+--------+
         Total |    642 |    614 |     28 |      0 |    452 |   2 |  321.0 |
       Dungeon |    642 |    614 |     28 |      0 |    452 |   2 |  321.0 |
               +--------+--------+--------+--------+--------+-----+--------+

Top non-repeatable levels by time:
     D:1: 627 daAuts
     D:2: 14 daAuts
